Map: 觀星者

Players

Rex

  • Race: Zerg Zerg
  • League: Master
  • Spawn Location: 11:00

Kelazhur - Winner!

  • Race: Terran Terran
  • League: Master
  • Spawn Location: 1:00

Event: HomeStory Cup XXII

VOD

Have the link to the VOD?

Description

Time

  • Played on: Dec. 16, 2022, 11:25 a.m.
  • Length: 12:10

All games in this series

Show
View Real Time Build Order
Export as new Build Order

Rex Zerg 

Build Orders: Hatch First 

Get SALT Encoding   

  12  0:00  Drone  
  13  0:12  Overlord  
  13  0:16  Drone  
  14  0:31  Drone x2  
  16  0:48  Hatchery  
  15  0:50  Drone  
  15  0:54  Drone  
  17  0:58  Drone  
  18  1:08  Extractor  
  17  1:13  Spawning Pool  
  17  1:16  Drone  
  17  1:18  Drone  
  18  1:27  Drone  
  19  1:39  Drone  
  20  1:49  Drone  
  21  1:59  Queen  
  21  2:00  Queen  
  25  2:02  Drone x2  
  27  2:11  Drone, Overlord  
  28  2:24  Hatchery  
  28  2:27  Drone  
  28  2:31  Drone  
  28  2:32  Drone  
  28  2:33  Drone  
  28  2:34  Metabolic Boost  
  31  2:41  Queen  
  33  2:46  Overlord  
  33  2:49  Drone  
  34  2:53  Drone  
  34  2:55  Drone  
  36  3:04  Overlord  
  36  3:06  Queen  
  36  3:08  Drone x2  
  36  3:10  Drone x2  
  42  3:16  Drone  
  43  3:22  Queen, Overlord  
  45  3:30  Drone  
  45  3:31  Drone  
  47  3:42  Zergling x10  
  47  3:44  Queen  
  47  3:48  Lair  
  54  3:49  Drone x2  
  54  3:50  Extractor  
  54  3:51  Drone x2  
  54  3:52  Drone  
  54  3:53  Drone  
  59  3:58  Drone  
  60  4:03  Drone  
  60  4:04  Queen, Drone  
  60  4:09  Drone  
  65  4:11  Drone  
  65  4:13  Overlord  
  65  4:14  Overlord  
  65  4:16  Overlord  
  65  4:29  Extractor  
  65  4:30  Queen, Overlord, Extractor  
  65  4:32  Overlord  
  65  4:34  Drone x3  
  65  4:35  Zergling x8  
  65  4:37  Zergling x2  
  73  4:44  Zergling x2, Roach Warren  
  73  4:45  Zergling x2  
  74  4:48  Baneling Nest  
  74  4:55  Zergling x8, Spire  
  77  5:02  Drone x3  
  77  5:05  Drone x4  
  84  5:07  Drone x2  
  84  5:09  Drone  
  84  5:11  Drone  
  89  5:14  Drone x2  
  89  5:16  Extractor x2  
  89  5:19  Drone  
  89  5:21  Drone  
  90  5:23  Zergling x6  
  90  5:24  Zergling x2  
  90  5:25  Drone  
  90  5:27  Drone  
  91  5:37  Drone x6  
  91  5:40  Centrifugal Hooks  
  97  5:43  Drone  
  98  5:50  Drone  
  98  5:54  Zergling x6  
  102  5:57  Baneling x5  
  101  6:04  Zergling x8  
  101  6:10  Overlord x4  
  105  6:13  Zerg Flyer Weapons Level 1  
  105  6:14  Baneling  
  105  6:19  Baneling  
  105  6:20  Overlord  
  102  6:28  Zergling x14  
  107  6:35  Mutalisk  
  107  6:36  Mutalisk x4  
  115  6:41  Mutalisk x2  
  115  6:45  Zergling x8  
  110  6:48  Baneling x2  
  110  6:50  Queen  
  110  6:52  Zergling x2  
  110  6:53  Baneling x2  
  110  6:54  Baneling x5  
  113  6:56  Zergling x4  
  107  7:02  Zergling x2  
  107  7:03  Zergling x6  
  107  7:06  Zergling x2  
  103  7:13  Zergling x10  
  103  7:14  Queen x2  
  103  7:18  Mutalisk  
  103  7:22  Zergling x4  
  99  7:26  Mutalisk  
  99  7:27  Mutalisk  
  99  7:28  Baneling x5  
  103  7:30  Mutalisk x2  
  106  7:38  Mutalisk  
  106  7:40  Hatchery  
  106  7:41  Queen  
  106  7:43  Mutalisk  
  111  7:50  Pneumatized Carapace  
  109  7:53  Overseer  
  109  7:59  Drone x2  
  109  8:00  Drone x2  
  109  8:07  Mutalisk  
  109  8:08  Mutalisk  
  109  8:12  Hatchery  
  112  8:16  Zergling x14  
  112  8:18  Baneling x9  
  119  8:24  Drone x2  
  121  8:27  Zergling x6  
  121  8:29  Baneling  
  121  8:30  Baneling x9  
  124  8:35  Overlord  
  122  8:43  Zergling x14  
  122  8:47  Zergling x8  
  122  8:54  Mutalisk x4  
  130  8:56  Overseer  
  130  8:59  Zergling x6  
  132  9:07  Zergling x6  
  125  9:11  Zergling x8  
  125  9:14  Zergling x4  
  125  9:20  Evolution Chamber  
  125  9:21  Evolution Chamber  
  125  9:22  Baneling  
  125  9:23  Baneling x2  
  121  9:24  Zergling x2  
  121  9:25  Zergling x12  
  121  9:26  Baneling  
  121  9:27  Baneling x4  
  121  9:28  Zergling x2  
  127  9:34  Drone x2  
  127  9:37  Mutalisk x3  
  127  9:39  Baneling x2  
  127  9:43  Baneling x3  
  127  9:44  Baneling x4  
  124  9:48  Mutalisk x2  
  124  9:52  Baneling x4  
  128  9:53  Zergling x6  
  122  10:03  Zergling x2  
  122  10:04  Zergling x14  
  123  10:09  Mutalisk x2  
  123  10:10  Mutalisk  
  123  10:12  Zergling x2  
  123  10:13  Zergling x2  
  131  10:17  Zergling x2  
  131  10:18  Zergling x6  
  135  10:22  Zergling x2  
  135  10:23  Zergling x8, Baneling  
  135  10:24  Baneling x3  
  135  10:25  Baneling x2  
  135  10:26  Overseer  
  140  10:30  Zergling x2  
  140  10:31  Zergling x4  
  140  10:32  Baneling x6  
  137  10:49  Zergling x18  
  125  10:52  Baneling x6  
  117  10:59  Zergling x2  
  117  11:00  Zergling x16  
  120  11:12  Zergling x2  
  120  11:13  Zergling x12  
  120  11:16  Zergling x2  
  120  11:17  Zergling x4  
  114  11:20  Baneling x3  
  114  11:25  Mutalisk x3  
  110  11:31  Mutalisk x2  
  118  11:38  Mutalisk  
  120  11:40  Zergling x2  
  120  11:41  Zergling x4  
  120  11:44  Zergling x8  
  122  11:48  Zergling x8  
Show
View Real Time Build Order
Export as new Build Order

Kelazhur Terran - Winner!

Build Orders: Command Center First (CC) 

Get SALT Encoding   

  12  0:00  SCV  
  13  0:12  SCV  
  14  0:17  Supply Depot  
  14  0:24  SCV  
  15  0:39  SCV  
  16  0:51  SCV  
  17  0:58  Command Center  
  17  1:03  SCV  
  18  1:13  Barracks  
  18  1:15  SCV  
  19  1:28  SCV  
  19  1:30  Barracks  
  20  1:37  Refinery  
  20  1:40  SCV  
  20  1:45  Refinery  
  21  1:52  SCV  
  22  1:59  Marine  
  23  2:04  Orbital Command  
  23  2:14  Orbital Command  
  23  2:18  Barracks Reactor  
  23  2:22  Barracks Tech Lab  
  23  2:31  SCV  
  24  2:40  SCV, Marine  
  24  2:41  Stimpack  
  24  2:43  SCV  
  27  2:52  SCV  
  27  2:54  Marine x2  
  27  2:55  SCV  
  27  2:57  Factory  
  31  3:02  Marine  
  31  3:04  Supply Depot  
  32  3:06  SCV  
  32  3:07  SCV  
  32  3:12  Marine x2  
  36  3:18  SCV  
  36  3:19  SCV  
  38  3:25  Marine  
  39  3:28  Supply Depot  
  39  3:30  SCV, Marine x2  
  39  3:31  SCV  
  43  3:41  Factory Reactor, Starport  
  43  3:42  SCV  
  43  3:43  Marine  
  43  3:47  SCV  
  46  3:50  Marine x2  
  46  3:52  Supply Depot  
  46  3:54  SCV  
  49  3:58  Supply Depot  
  49  4:00  SCV  
  49  4:01  Marine  
  51  4:06  SCV  
  51  4:07  Marine x2  
  54  4:14  SCV  
  55  4:17  Supply Depot  
  55  4:21  SCV  
  55  4:22  Combat Shield  
  55  4:24  Marine  
  57  4:25  Marine  
  57  4:26  SCV  
  57  4:27  Marine  
  57  4:28  Medivac x2  
  64  4:35  SCV  
  64  4:38  SCV  
  66  4:39  Supply Depot  
  66  4:43  Command Center  
  66  4:44  Marine x3  
  69  4:48  SCV  
  70  4:57  SCV  
  70  5:00  SCV  
  70  5:03  Marine x3  
  70  5:05  Supply Depot  
  74  5:07  Medivac  
  74  5:08  Widow Mine  
  74  5:09  SCV  
  74  5:11  Barracks  
  74  5:12  Medivac  
  81  5:16  Refinery  
  81  5:17  SCV, Refinery  
  82  5:21  SCV  
  82  5:22  Supply Depot, Marine x3  
  86  5:37  SCV  
  86  5:40  SCV  
  87  5:45  Factory Reactor  
  87  5:46  Marine x3  
  90  5:51  Engineering Bay x2, SCV  
  90  5:52  SCV  
  90  5:53  Barracks  
  90  5:54  Barracks  
  90  5:55  Orbital Command  
  92  5:58  Starport Reactor  
  92  6:04  SCV, Marine  
  93  6:07  Marine x2  
  93  6:08  SCV  
  93  6:11  Supply Depot x2  
  97  6:15  Marine x2  
  97  6:17  Orbital Command  
  99  6:19  SCV  
  99  6:22  Marine  
  99  6:24  Marine  
  102  6:31  Marine  
  100  6:32  SCV  
  100  6:33  SCV, Marine  
  100  6:36  Terran Infantry Armor Level 1, Terran Infantry Weapons Level 1  
  100  6:38  Medivac x2  
  100  6:39  Widow Mine  
  108  6:44  SCV  
  108  6:47  SCV  
  108  6:48  Marine  
  108  6:49  Barracks Reactor x2  
  108  6:51  SCV  
  111  6:57  SCV  
  111  6:59  Armory  
  111  7:00  SCV  
  109  7:06  Widow Mine, Marine x4  
  109  7:08  Medivac x2  
  113  7:18  Marine  
  113  7:19  SCV  
  105  7:24  Marine x4  
  105  7:29  SCV  
  107  7:31  Missile Turret, Marine x4  
  107  7:32  Missile Turret  
  107  7:35  Widow Mine x2, Marine  
  114  7:41  SCV  
  114  7:42  Marine  
  116  7:46  Marine x3  
  116  7:49  Marine x3  
  122  7:53  Factory  
  122  7:54  Marine x2  
  124  7:59  Marine  
  124  8:04  Widow Mine x2, Marine x3  
  132  8:07  Marine x3  
  131  8:14  Supply Depot  
  131  8:15  Command Center  
  131  8:17  Supply Depot  
  131  8:21  Refinery  
  131  8:24  Marine x2  
  133  8:32  Marine  
  133  8:33  Marine  
  133  8:34  Marine  
  133  8:35  Medivac x2, Marine x2  
  133  8:36  Widow Mine  
  133  8:39  Widow Mine  
  143  8:45  Marine x4  
  145  8:50  Factory Tech Lab, Terran Infantry Weapons Level 2, Marine  
  145  8:51  Terran Infantry Armor Level 2, Marine  
  145  8:52  Marine  
  145  8:53  Marine  
  149  8:59  Supply Depot  
  149  9:01  Supply Depot  
  149  9:03  Widow Mine  
  149  9:05  Medivac x2  
  149  9:09  Marine x7  
  142  9:17  Widow Mine x2, Marine x2  
  138  9:25  Widow Mine  
  138  9:26  SCV x3  
  138  9:27  Marine x2, Drilling Claws  
  138  9:30  Marine x5  
  142  9:35  Missile Turret, Marine  
  142  9:37  Marine  
  145  9:38  SCV  
  145  9:39  Medivac  
  145  9:40  Medivac  
  144  9:46  Widow Mine  
  144  9:47  Widow Mine, Marine  
  144  9:51  Marine  
  150  9:54  Marine  
  146  10:01  Widow Mine  
  146  10:03  Marine x6  
  146  10:04  Planetary Fortress  
  146  10:05  Marine  
  152  10:08  Widow Mine  
  152  10:11  Barracks x2  
  152  10:13  Missile Turret  
  154  10:14  Barracks  
  154  10:16  Marine x2  
  154  10:18  SCV x2  
  154  10:19  SCV  
  154  10:21  Marine  
  159  10:23  Widow Mine  
  159  10:24  Medivac, Marine x3  
  159  10:26  Marine  
  159  10:27  Marauder  
  170  10:30  SCV  
  170  10:31  SCV x2  
  173  10:42  Widow Mine x2  
  175  10:43  SCV  
  175  10:45  Widow Mine  
  175  10:47  SCV  
  175  10:49  Marine  
  150  10:50  Marine x8  
  150  10:54  SCV x2  
  150  10:55  SCV  
  157  10:59  SCV, Marine  
  157  11:00  Marine  
  157  11:01  Missile Turret  
  157  11:03  Widow Mine, Marine  
  158  11:06  SCV x2  
  158  11:07  SCV, Marine  
  158  11:08  Marine x6  
  161  11:16  Marine x2  
  161  11:17  Marine x2  
  159  11:21  Marine  
  159  11:25  Marine  
  156  11:26  Marine x6  
  156  11:27  SCV  
  164  11:34  Marine x2  
  164  11:35  Marine x2  
  164  11:39  Marine  
  169  11:43  Widow Mine x2, Marine x2  
  169  11:44  Marauder, Marine  
Tags
 
Add a new tag
Caveats
  • Supply blocks, unpowered buildings, or Contaminate may cause inaccurate times.
  • Supply counts are checked every 10 seconds.